 Dungeon Crawl Stone Soup version 0.30.1-11-g7821555f0a (webtiles) character file.

Game seed: 8402813819959640658

336 ChrisAssaf the Charlatan (level 6, -2/44 HPs)
             Began as a Human Artificer on Dec 20, 2023.
             Was a Priest of Lugonu.
             Succumbed to a kobold brigand's poison
             ... on level 3 of the Dungeon.
             The game lasted 00:11:18 (2367 turns).

ChrisAssaf the Charlatan (Human Artificer)          Turns: 2367, Time: 00:11:19

Health: -2/44      AC:  6    Str: 16    XL:     6   Next: 84%
Magic:  7/7        EV: 11    Int: 13    God:    Lugonu [***...]
Gold:   103        SH:  0    Dex: 14    Spells: 4/6 levels left

rFire   . . .        p - +2 flail of a volcano {freeze, Str+4 Stlth+}
rCold   . . .        (no shield)
rNeg    . . .        b - +1 leather armour
rPois   .            (no helmet)
rElec   .            (no cloak)
rCorr   .            (no gloves)
SInv    +            f - +1 pair of boots
Will    .....        (no amulet)
Stlth   +++          g - ring of see invisible
HPRegen 0.27/turn    (no ring)
MPRegen 0.10/turn

%: no passive effects
@: lethally poisoned (-2 -> -13), slowed, very slow
A: no striking features
a: Renounce Religion, Depart the Abyss, Banish


You were on level 3 of the Dungeon.
You worshipped Lugonu.
Lugonu was most pleased with you.
You visited 1 branch of the dungeon, and saw 3 of its levels.

You collected 103 gold pieces.

Inventory:

Hand Weapons
 l - a +0 dagger of flaming
 n - a +0 sling of flaming
 p - the +2 flail of a volcano (weapon) {freeze, Str+4 Stlth+}
   (You found it on level 3 of the Dungeon)

   Str:       It affects your strength (+4).
   Stlth:     It makes you more stealthy.
Missiles
 k - 5 curare-tipped darts (quivered)
Armour
 b - a +1 leather armour (worn)
 f - a +1 pair of boots (worn)
Jewellery
 g - a ring of see invisible (left hand)
Wands
 c - a wand of flame (2)
 d - a wand of charming (5)
 e - a wand of iceblast (1)
Scrolls
 a - a scroll of teleportation
 q - a scroll of amnesia
Potions
 j - a potion of invisibility


   Skills:
 * Level 2.2 Fighting
 - Level 1.9 Short Blades
 * Level 0.7 Maces & Flails
 - Level 0.3 Ranged Weapons
 * Level 1.1 Throwing
 * Level 2.9 Armour
 * Level 1.7 Dodging
 * Level 2.3 Stealth
 * Level 0.8 Spellcasting
 * Level 0.9 Air Magic
 * Level 0.9 Poison Magic
 * Level 1.6 Invocations
 * Level 4.0 Evocations


You had 4 spell levels left.
You knew the following spells:

 Your Spells              Type           Power      Damage    Failure   Level
a - Poisonous Vapours     Pois/Air       4%         N/A       34%         2

Your spell library contained the following spells:

 Spells                   Type           Power      Damage    Failure   Level
 Sting                    Tmut/Pois      4%         1d3       28%         1
 Olgreb's Toxic Radiance  Pois           2%         N/A       93%         4


Dungeon Overview and Level Annotations

Branches:
Dungeon (3/15)

Altars:
Ashenzari
Lugonu


Message History

Aiming: Charm
Press: ? - help, Shift-Dir - straight line, f - kobold brigand
Aim: a kobold brigand, wielding a +0 club and quivering curare-tipped darts (chance to affect: 59%)
The kobold brigand resists with significant effort.
You feel very sick. The kobold brigand closely misses you.
The kobold closely misses you.
Aiming: Charm
Press: ? - help, Shift-Dir - straight line, f/p - kobold brigand
Aim: a kobold brigand, wielding a +0 club and quivering curare-tipped darts (chance to affect: 59%)
The kobold brigand is charmed.
You feel very sick. The kobold barely misses you.
You swap places.
You feel very sick. The kobold closely misses you.
The kobold brigand hits you with a +2 dagger of venom.
* * * LOW HITPOINT WARNING * * *
The kobold brigand hits you with a +2 dagger of venom.
* * * LOW HITPOINT WARNING * * *
The kobold barely misses you.
The kobold brigand attacks as you move away!
The kobold brigand hits you but does no damage.
You are lethally poisoned!
* * * LOW HITPOINT WARNING * * *
You feel very sick.
The kobold brigand throws a poisoned dart.
The poisoned dart hits you!
You are more poisoned.
The kobold closely misses you. The kobold attacks as you move away!
The kobold closely misses you.
* * * LOW HITPOINT WARNING * * *
You feel very sick.
The kobold brigand hits your kobold brigand with a +2 dagger of venom.
Your kobold brigand is poisoned.
Your kobold brigand misses the kobold brigand.
Your kobold brigand barely misses the kobold brigand.
The kobold hits you but does no damage.
The kobold brigand hits your kobold brigand with a +2 dagger of venom.
Okay, then.
You die...

*************###
*,,,,,,,,,,,,..#
*,***********#.# *,*
#.# ,,* #.# ****
########.# ,,,*
#........#######
**,####.........@.KK.#
,,,#.......)...####.K#
***#.##........####..#
,..#.##........##~#..#
*#.#.##........#~~#..##
*#.#.##..).....#~~##..#
,#.#.##........~)≈≈#..#
##.#.##........~~~≈#..#
...#.###.......~~≈≈#K.#


You could see a kobold brigand (ally target), a kobold and a friendly kobold
brigand (charmed, very poisoned).

Vanquished Creatures
  Sigmund (D:3)
  An orc priest (D:3)
  Terence (D:3)
  A gnoll (D:2)
  An adder (D:2)
  A worm (D:2)
  A dart slug (D:2)
  4 ball pythons (D:2)
  9 endoplasms
  2 giant cockroaches
  11 goblins
  8 hobgoblins
  A jackal (D:1)
  13 kobolds
  A quokka (D:1)
  4 bats
  2 frilled lizards (D:1)
  2 rats
64 creatures vanquished.

Vanquished Creatures (collateral kills)
  2 gnolls (D:2)
  An adder (D:2)
  3 orcs (D:3)
  An endoplasm (D:2)
  A hobgoblin (D:3)
  2 jackals (D:1)
  A kobold (D:2)
11 creatures vanquished.

Vanquished Creatures (others)
  Robin (D:3)
  A dart slug (D:3)
  A goblin (D:3)
  A jackal (D:1)
4 creatures vanquished.

Grand Total: 79 creatures vanquished

Notes
Turn   | Place    | Note
-------+----------+-------------------------------------------
     0 | D:1      | ChrisAssaf the Human Artificer began the quest for the Orb.
     0 | D:1      | Reached XP level 1. HP: 15/15 MP: 1/1
    36 | D:1      | Found a faded altar of an unknown god.
    46 | D:1      | Prayed at the altar of an unknown god.
    46 | D:1      | Became a worshipper of Lugonu the Unformed
    46 | D:1      | Reached * piety under Lugonu
   118 | D:1      | Reached XP level 2. HP: 3/21 MP: 2/2
   486 | D:1      | Reached XP level 3. HP: 26/26 MP: 3/3
   747 | D:1      | Reached ** piety under Lugonu
   841 | D:2      | Found a broken altar of Ashenzari.
  1008 | D:2      | Reached XP level 4. HP: 18/32 MP: 4/4
  1080 | D:2      | Reached skill level 1 in Short Blades
  1551 | D:2      | Reached XP level 5. HP: 38/38 MP: 5/5
  1808 | D:3      | Noticed Robin
  1823 | D:3      | Your ally Robin died
  1835 | D:3      | Reached skill level 1 in Invocations
  2097 | D:3      | Learned a level 2 spell: Poisonous Vapours
  2104 | D:3      | Noticed Terence
  2116 | D:3      | Reached *** piety under Lugonu
  2126 | D:3      | Killed Terence
  2144 | D:3      | Noticed a kobold brigand
  2180 | D:3      | Identified the +2 flail of a volcano {freeze, Str+4 Stlth+}
  2223 | D:3      | Noticed Sigmund
  2261 | D:3      | Noticed a kobold brigand
  2272 | D:3      | Killed Sigmund
  2273 | D:3      | Reached skill level 1 in Throwing
  2273 | D:3      | Reached skill level 4 in Evocations
  2273 | D:3      | Reached XP level 6. HP: 11/44 MP: 5/7
  2366 | D:3      | HP: 2/44 [poisoned by a kobold brigand]
  2367 | D:3      | Succumbed to a kobold brigand's poison

Illustrated notes

Levels and vault maps discovered:
D:1:      amcnicky_arrival_feature_with_door, layout_rooms,
          shapermc_ecumenical_altar_pompeii, chequers_serial_rivers_micro_b,
          grunt_decor_fettered
D:2:      layout_basic, basic_altar
D:3:      cheibrodos_thug_alley, layout_basic, uniq_sigmund, uniq_terence,
          uniq_robin

Skill      XL: |  1  2  3  4  5 |
---------------+----------------+-----
Short Blades   | 1 |  1.9
Invocations    | 1 |  1.6
Stealth        | 2 |  2.3
Fighting       | 2 |  2.2
Throwing       | 1 |  1.1
Evocations     | 4 |  4.0
Maces & Flails | |  0.7
Ranged Weapons | |  0.3
Armour         | |  2.9
Dodging        | |  1.7
Spellcasting   | |  0.8
Air Magic      | |  0.9
Poison Magic   | |  0.9

Action                     |  1- 3 |  4- 6 || total
---------------------------+-------+-------++-------
  Melee: Dagger            |   134 |    68 ||   202
         Club              |     1 |       ||     1
         Flail             |       |     6 ||     6
         Punch             |       |     1 ||     1
  Throw: Dart              |     4 |     9 ||    13
  Evoke: Wand              |    14 |    13 ||    27
    Use: Scroll            |     6 |     5 ||    11
         Potion            |       |     3 ||     3
   Stab: Sleeping          |     1 |       ||     1
 Armour: Leather armour    |    41 |    38 ||    79
  Dodge: Dodged            |    68 |    47 ||   115
